MLB
ST. LOUIS CARDINALS @ PHILADELPHIA PHILLIES
08/01/2098
 
TOP OF THE 1ST
St. Louis Cardinals batting - Pitching for Philadelphia Phillies : LHP Bronson Kellerman
Pitching: LHP Bronson Kellerman
Batting: RHB Jayden Whaley 0-0: Ball
1-0: Ball
2-0: Fly out, F6 (Popup, 6M, EV 62.5 MPH)
Batting: RHB Jeff Saxton 0-0: Called Strike
0-1: Ball
1-1: Foul Ball, location: 9LSF
1-2: Ball
2-2: Strikes out swinging
Batting: RHB Ryan Collier 0-0: Ball
1-0: Ground out 5-3 (Groundball, 56, EV 108.8 MPH)
Top of the 1st over - 0 runs, 0 hits, 0 errors, 0 left on base; St. Louis 0 - Philadelphia 0
BOTTOM OF THE 1ST
Philadelphia Phillies batting - Pitching for St. Louis Cardinals : RHP Scott Kocis
Pitching: RHP Scott Kocis
Batting: RHB Ryan Klepper 0-0: Called Strike
0-1: Swinging Strike
0-2: Foul Ball, location: 2F
0-2: Foul Ball, location: 5SF
0-2: Ball
1-2: Ball
2-2: Strikes out swinging
Batting: RHB Vicente Vargas 0-0: Called Strike
0-1: SINGLE (Popup, 6S, EV 76.3 MPH)
Batting: SHB Tim Spotton 0-0: Ball
1-0: Foul Ball, location: 9LMF
1-1: Ball
2-1: Called Strike
2-2: Ball
3-2: Foul Ball, location: 2F
3-2: Base on Balls
Vicente Vargas to second
Batting: SHB Pete Ray 0-0: Called Strike
0-1: Ball
1-1: Foul Ball, location: 2F
1-2: Strikes out swinging
Batting: RHB Luis Esquivel 0-0: Ball
1-0: Ground out U3 (Groundball, 3L, EV 76.9 MPH)
Bottom of the 1st over - 0 runs, 1 hit, 0 errors, 2 left on base; St. Louis 0 - Philadelphia 0
TOP OF THE 2ND
St. Louis Cardinals batting - Pitching for Philadelphia Phillies : LHP Bronson Kellerman
Batting: RHB Jesus Guzman 0-0: Ball
1-0: Ball
2-0: Called Strike
2-1: Ball
3-1: Fly out, F7 (Flyball, 7, EV 96.9 MPH)
Batting: LHB Jeremiah Ford 0-0: Called Strike
0-1: Ball
1-1: Ground out U3 (Groundball, 3, EV 91.9 MPH)
Batting: RHB Gabe Vega 0-0: Ground out 5-3 (Groundball, 56S, EV 86.3 MPH)
Top of the 2nd over - 0 runs, 0 hits, 0 errors, 0 left on base; St. Louis 0 - Philadelphia 0
BOTTOM OF THE 2ND
Philadelphia Phillies batting - Pitching for St. Louis Cardinals : RHP Scott Kocis
Batting: RHB Chad Larson 0-0: Foul Ball, location: 3SF
0-1: Called Strike
0-2: SINGLE (Groundball, 6D, EV 101.9 MPH)
Batting: RHB Jason Waid 0-0: DOUBLE (Flyball, 8LXD, EV 90.0 MPH)
Chad Larson to third
Runner from 3rd tries for Home, SAFE, no throw by CF
Batting: RHB Aaron Marler 0-0: Called Strike
0-1: Ball
1-1: Foul Ball, location: 7LMFF
1-2: Ball
2-2: Strikes out swinging
Batting: RHB Jarred Giordano 0-0: Called Strike
0-1: Ball
1-1: Ground out U3 (Groundball, 3L, EV 88.8 MPH)
Jason Waid to third
Batting: RHB Ryan Klepper 0-0: Ball
1-0: Ground out 6-3 (Groundball, 6, EV 84.4 MPH)
Bottom of the 2nd over - 1 run, 2 hits, 0 errors, 1 left on base; St. Louis 0 - Philadelphia 1
TOP OF THE 3RD
St. Louis Cardinals batting - Pitching for Philadelphia Phillies : LHP Bronson Kellerman
Pitching: LHP Jason Boles
Batting: RHB David Martinez 0-0: Ball
1-0: Ball
2-0: Called Strike
2-1: Bunt - Flyout to 25! F5
Batting: RHB Brodie Herian 0-0: Swinging Strike
0-1: Ball
1-1: Ball
2-1: Ball
3-1: Base on Balls
Batting: LHB Brett Rinehart 0-0: Ball
1-0: Foul Ball, location: 5FF
1-1: Called Strike
1-2: Strikes out swinging
Batting: RHB Jayden Whaley 0-0: Ground out 6-3 (Groundball, 6M, EV 81.3 MPH)
Top of the 3rd over - 0 runs, 0 hits, 0 errors, 1 left on base; St. Louis 0 - Philadelphia 1
BOTTOM OF THE 3RD
Philadelphia Phillies batting - Pitching for St. Louis Cardinals : RHP Scott Kocis
Batting: RHB Vicente Vargas 0-0: Fly out, F3 (Popup, 3SF, EV 76.9 MPH)
Batting: SHB Tim Spotton 0-0: Swinging Strike
0-1: SINGLE (Line Drive, 56, EV 106.3 MPH)
Batting: SHB Pete Ray 0-0: Foul Ball, location: 9LSFF
0-1: Ball
1-1: Called Strike
Tim Spotton is caught stealing 2nd base 2-6
1-2: Ball
2-2: Fly out, F8 (Flyball, 8LXD, EV 104.4 MPH)
Bottom of the 3rd over - 0 runs, 1 hit, 0 errors, 0 left on base; St. Louis 0 - Philadelphia 1
TOP OF THE 4TH
St. Louis Cardinals batting - Pitching for Philadelphia Phillies : LHP Jason Boles
Batting: RHB Jeff Saxton 0-0: Ball
1-0: Ground out 6-3 (Groundball, 6, EV 90.0 MPH)
Batting: RHB Ryan Collier 0-0: Called Strike
0-1: SOLO HOME RUN (Flyball, 78XD, EV 100.0 MPH), Distance : 391 ft
Batting: RHB Jesus Guzman 0-0: Called Strike
0-1: Ball
1-1: Foul Ball, location: 23FF
1-2: Ball
2-2: Ball
3-2: Foul Ball, location: 9LMF
3-2: SINGLE (Line Drive, 8LS, EV 98.1 MPH)
Batting: LHB Jeremiah Ford 0-0: Ball
1-0: Ball
2-0: Called Strike
2-1: Grounds into double play, 3-6-3 (Groundball, 34S, EV 81.3 MPH)
Top of the 4th over - 1 run, 2 hits, 0 errors, 0 left on base; St. Louis 1 - Philadelphia 1
BOTTOM OF THE 4TH
Philadelphia Phillies batting - Pitching for St. Louis Cardinals : RHP Scott Kocis
Batting: RHB Luis Esquivel 0-0: Foul Ball, location: 3FF
0-1: Ball
1-1: TRIPLE (Flyball, 8RXD, EV 86.9 MPH)
Batting: RHB Chad Larson 0-0: Ball
1-0: Ball
2-0: SINGLE (Line Drive, 4MD, EV 101.9 MPH)
Luis Esquivel scores
Batting: RHB Jason Waid 0-0: Foul Ball, location: 23FF
0-1: Called Strike
0-2: Foul Ball, location: 9LSF
0-2: Foul Ball, location: 2F
0-2: Ball
1-2: Ball
2-2: Ball
3-2: Base on Balls
Chad Larson to second
Batting: RHB Aaron Marler 0-0: Called Strike
0-1: Ball
1-1: SINGLE (Groundball, 6MD, EV 100.6 MPH)
Chad Larson to third
Jason Waid to second
Batting: RHB Jarred Giordano 0-0: Ball
1-0: Ball
2-0: Ball
3-0: Called Strike
3-1: Foul Ball, location: 9LDF
3-2: Grounds into double play, 3-6-3 (Groundball, 34S, EV 82.5 MPH)
Chad Larson scores
Jason Waid to third
Batting: RHB Ryan Klepper 0-0: Ground out 4-3 (Groundball, 4MS, EV 61.9 MPH)
Bottom of the 4th over - 2 runs, 3 hits, 0 errors, 1 left on base; St. Louis 1 - Philadelphia 3
TOP OF THE 5TH
St. Louis Cardinals batting - Pitching for Philadelphia Phillies : LHP Jason Boles
Batting: RHB Gabe Vega 0-0: Called Strike
0-1: Swinging Strike
0-2: Ball
1-2: Foul Ball, location: 5FF
1-2: SINGLE (Groundball, 4D, EV 96.3 MPH)
Batting: RHB David Martinez 0-0: Ball
1-0: Ball
2-0: Ball
3-0: Called Strike
3-1: Base on Balls
Gabe Vega to second
Batting: RHB Brodie Herian 0-0: Ball
1-0: Foul Ball, location: 5F
1-1: Ball
2-1: Ball
3-1: Called Strike
3-2: Strikes out looking
Pitching: RHP Adrian Giraldo
Batting: LHB Brett Rinehart 0-0: Ground out 6-3 (Groundball, P, EV 82.5 MPH)
Gabe Vega to third
David Martinez to second
Batting: RHB Jayden Whaley 0-0: Called Strike
0-1: Called Strike
0-2: Foul Ball, location: 9LDF
0-2: Ball
1-2: Foul Ball, location: 5DF
1-2: SINGLE (Line Drive, 56D, EV 98.8 MPH)
Gabe Vega scores
David Martinez to third
Runner from 3rd tries for Home, SAFE, throw by LF to home
Batting: RHB Jeff Saxton 0-0: Called Strike
0-1: Ball
1-1: Foul Ball, location: 5DF
1-2: Strikes out looking
Top of the 5th over - 2 runs, 2 hits, 0 errors, 1 left on base; St. Louis 3 - Philadelphia 3
BOTTOM OF THE 5TH
Philadelphia Phillies batting - Pitching for St. Louis Cardinals : RHP Scott Kocis
Batting: RHB Vicente Vargas 0-0: Ball
1-0: Ball
2-0: Ball
3-0: Base on Balls
Batting: SHB Tim Spotton 0-0: Ball
1-0: Called Strike
1-1: Ball
Wild Pitch!
Vicente Vargas to second
2-1: Foul Ball, location: 7LMF
2-2: Ground out U3 (Groundball, 34, EV 91.9 MPH)
Vicente Vargas to third
Batting: SHB Pete Ray 0-0: Called Strike
0-1: Ball
1-1: Ball
2-1: Called Strike
2-2: Strikes out looking
Batting: RHB Luis Esquivel 0-0: Called Strike
0-1: Called Strike
0-2: Fly out, F7 (Flyball, 78D, EV 100.6 MPH)
Bottom of the 5th over - 0 runs, 0 hits, 0 errors, 1 left on base; St. Louis 3 - Philadelphia 3
TOP OF THE 6TH
St. Louis Cardinals batting - Pitching for Philadelphia Phillies : RHP Adrian Giraldo
Batting: RHB Ryan Collier 0-0: Ball
1-0: Foul Ball, location: 23F
1-1: Ball
2-1: Fly out, F7 (Flyball, 7LM, EV 93.1 MPH)
Batting: RHB Jesus Guzman 0-0: Ball
1-0: Ball
2-0: Ball
3-0: Foul Ball, location: 3DF
3-1: Foul Ball, location: 25F
3-2: Base on Balls
Batting: LHB Jeremiah Ford 0-0: Ball
1-0: Ball
2-0: Grounds into double play, 6-4-3 (Groundball, 6M, EV 108.8 MPH)
Top of the 6th over - 0 runs, 0 hits, 0 errors, 0 left on base; St. Louis 3 - Philadelphia 3
BOTTOM OF THE 6TH
Philadelphia Phillies batting - Pitching for St. Louis Cardinals : RHP Scott Kocis
Batting: RHB Chad Larson 0-0: DOUBLE (Line Drive, 7LM, EV 96.9 MPH)
Batting: RHB Jason Waid 0-0: Intentional Walk
Batting: RHB Aaron Marler 0-0: Ball
1-0: Foul Ball, location: 2F
1-1: Foul Ball, location: 3FF
1-2: Foul Ball, location: 2F
1-2: Grounds into double play, 6-4-3 (Groundball, 6, EV 104.4 MPH)
Chad Larson to third
Batting: RHB Jarred Giordano 0-0: Ball
1-0: Foul Ball, location: 2F
1-1: SINGLE (Groundball, 6MD, EV 101.3 MPH)
Chad Larson scores
Batting: RHB Ryan Klepper 0-0: Fly out, F8 (Flyball, 8LD, EV 108.8 MPH)
Bottom of the 6th over - 1 run, 2 hits, 0 errors, 1 left on base; St. Louis 3 - Philadelphia 4
TOP OF THE 7TH
St. Louis Cardinals batting - Pitching for Philadelphia Phillies : RHP Adrian Giraldo
Batting: RHB Gabe Vega 0-0: Called Strike
0-1: Foul Ball, location: 9LMF
0-2: Foul Ball, location: 2F
0-2: Ball
1-2: Strikes out looking
Batting: RHB David Martinez 0-0: Ball
1-0: Ball
2-0: Called Strike
2-1: Foul Ball, location: 2F
2-2: Ball
3-2: Base on Balls
Pitching: LHP Eric House
Batting: RHB Brodie Herian 0-0: Ball
1-0: Swinging Strike
1-1: Ground out 5-3 (Groundball, 56S, EV 76.3 MPH)
David Martinez to second
Pinch Hitting: SHB Bryan Smolka 0-0: Ball
1-0: Ball
2-0: Called Strike
2-1: Fly out, F7 (Flyball, 7, EV 94.4 MPH)
Top of the 7th over - 0 runs, 0 hits, 0 errors, 1 left on base; St. Louis 3 - Philadelphia 4
BOTTOM OF THE 7TH
Philadelphia Phillies batting - Pitching for St. Louis Cardinals : RHP Scott Kocis
Now in CF: David Martinez
Now in RF: Bryan Smolka
Batting: RHB Vicente Vargas 0-0: Ball
1-0: Ball
2-0: Called Strike
2-1: Ball
3-1: Called Strike
3-2: SINGLE (Line Drive, 34, EV 96.9 MPH)
Batting: SHB Tim Spotton 0-0: TRIPLE (Flyball, 89XD, EV 108.8 MPH)
Vicente Vargas scores
Batting: SHB Pete Ray 0-0: Intentional Walk
Pitching: RHP David Herman
Batting: RHB Luis Esquivel 0-0: Foul Ball, location: 5DF
0-1: Ball
1-1: Foul Ball, location: 3F
1-2: SINGLE (Groundball, 56S, EV 71.9 MPH) (infield hit)
Tim Spotton scores
Pete Ray to second
Batting: RHB Chad Larson 0-0: Ball
Wild Pitch!
Pete Ray to third
Luis Esquivel to second
1-0: Intentional Walk
Batting: RHB Jason Waid 0-0: Foul Ball, location: 2F
0-1: Swinging Strike
0-2: Foul Ball, location: 9LMF
0-2: Foul Ball, location: 9LSF
0-2: Strikes out swinging
Batting: RHB Aaron Marler 0-0: Ball
1-0: SINGLE (Groundball, 4D, EV 103.1 MPH)
Pete Ray scores
Luis Esquivel to third
Chad Larson to second
Runner from 3rd tries for Home, SAFE, throw by CF to home
Batting: RHB Jarred Giordano 0-0: Ball
1-0: Called Strike
1-1: Fly out, F8 (Flyball, 78S, EV 86.9 MPH)
Batting: RHB Ryan Klepper 0-0: Foul Ball, location: 3SF
0-1: Called Strike
0-2: Strikes out swinging
Bottom of the 7th over - 4 runs, 4 hits, 0 errors, 2 left on base; St. Louis 3 - Philadelphia 8
TOP OF THE 8TH
St. Louis Cardinals batting - Pitching for Philadelphia Phillies : LHP Eric House
Batting: RHB Jayden Whaley 0-0: Foul Ball, location: 25F
0-1: Called Strike
0-2: Ball
1-2: Foul Ball, location: 9LMF
1-2: Strikes out looking
Batting: RHB Jeff Saxton 0-0: Foul Ball, location: 9LDF
0-1: Ball
1-1: Ball
2-1: Ball
3-1: Base on Balls
Batting: RHB Ryan Collier 0-0: Called Strike
0-1: Fly out, F4 (Popup, 34, EV 62.5 MPH)
Batting: RHB Jesus Guzman 0-0: Foul Ball, location: 2F
0-1: Ball
1-1: Called Strike
1-2: DOUBLE (Flyball, 8RXD, EV 101.3 MPH)
Jeff Saxton to third
Runner from 3rd tries for Home, SAFE, throw by CF to trailing runner, SAFE at third!
Batting: LHB Jeremiah Ford 0-0: Swinging Strike
0-1: Foul Ball, location: 5SF
0-2: Strikes out swinging
Top of the 8th over - 1 run, 1 hit, 0 errors, 1 left on base; St. Louis 4 - Philadelphia 8
BOTTOM OF THE 8TH
Philadelphia Phillies batting - Pitching for St. Louis Cardinals : RHP David Herman
Batting: RHB Vicente Vargas 0-0: Ground out 5-3 (Groundball, 15, EV 89.4 MPH)
Batting: SHB Tim Spotton 0-0: Called Strike
0-1: Ground out 1-3 (Groundball, 15S, EV 63.8 MPH)
Batting: SHB Pete Ray 0-0: Called Strike
0-1: Fly out, F5 (Popup, 5S, EV 84.4 MPH)
Bottom of the 8th over - 0 runs, 0 hits, 0 errors, 0 left on base; St. Louis 4 - Philadelphia 8
TOP OF THE 9TH
St. Louis Cardinals batting - Pitching for Philadelphia Phillies : LHP Eric House
Pitching: RHP Jason Hunter
Batting: RHB Gabe Vega 0-0: Called Strike
0-1: SINGLE (Groundball, 6, EV 82.5 MPH)
Batting: RHB David Martinez 0-0: Fly out, F7 (Flyball, 78S, EV 89.4 MPH)
Pinch Hitting: LHB Jose Nieto 0-0: Ball
1-0: Called Strike
1-1: Ball
2-1: Grounds into double play, 4-6-3 (Groundball, 4, EV 88.8 MPH)
Top of the 9th over - 0 runs, 1 hit, 0 errors, 0 left on base; St. Louis 4 - Philadelphia 8
Thursday, April 11th , 2024 - OOTP Baseball 24.11 Build 85